 Dungeon Crawl Stone Soup version 0.21.0-3-g78d12a8 (webtiles) character file.

18140 shmeve the Fighter (level 12, -13/112 HPs)
             Began as a Minotaur Berserker on Jan 17, 2018.
             Was a High Priest of Trog.
             Killed from afar by a tengu conjurer (16 damage)
             ... with a bolt of poison
             ... led by a tengu warrior
             ... on level 13 of the Dungeon.
             The game lasted 00:26:10 (11193 turns).

shmeve the Fighter (Minotaur Berserker)            Turns: 11193, Time: 00:26:10

Health: -13/112    AC: 15    Str: 28    XL:     12   Next: 25%
Magic:  3/3        EV:  8    Int:  4    God:    Trog [*****.]
Gold:   746        SH: 19    Dex:  9    Spells: 11/11 levels left

rFire    . . .     SeeInvis .   I - +3 broad axe (antimagic)
rCold    . . .     Gourm    .   y - +0 large shield
rNeg     + . .     Faith    .   x - +0 plate armour
rPois    .         Spirit   .   (helmet restricted)
rElec    .         Reflect  .   F - +0 cloak
rCorr    .         Harm     .   (no gloves)
MR       +++++     Clarity  +   (no boots)
Stlth    ..........             Q - amulet of the Four Winds {rN+ MR+++ Clar}
HPRegen  1.28/turn              (no ring)
MPRegen  0.08/turn              (no ring)

@: lethally poisoned (-13 -> -14), berserk cooldown, regenerating, slowed, very
slow
A: retaliatory headbutt, horns 2
a: Berserk, Trog's Hand, Brothers in Arms, Burn Spellbooks, Renounce Religion


You were on level 13 of the Dungeon.
You worshipped Trog.
Trog was extremely pleased with you.
You were near starving.

You visited 1 branch of the dungeon, and saw 13 of its levels.
You also visited: Ossuary and Bailey.

You collected 746 gold pieces.

Inventory:

Hand Weapons
 I - a +3 antimagic broad axe (weapon)
Missiles
 w - 16 tomahawks of returning (quivered)
Armour
 x - a +0 plate armour (worn)
 y - a +0 large shield (worn)
 F - a +0 cloak (worn)
Jewellery
 d - an uncursed ring of ice {unknown}
 g - an uncursed ring of see invisible {unknown}
 v - an uncursed ring of ice {unknown}
 z - an uncursed ring of stealth {unknown}
 D - a +1 ring of slaying {unknown}
 L - an uncursed amulet of guardian spirit {unknown}
 Q - the amulet of the Four Winds (around neck) {rN+ MR+++ Clar}
   (You found it on level 11 of the Dungeon)

   [amulet of nothing]

   It protects you from negative energy.
   It affects your resistance to hostile enchantments.
   It protects you against confusion.
Wands
 s - a wand of iceblast (14)
 E - a wand of clouds (7)
 H - a wand of flame (16)
 P - a wand of scattershot (6)
Scrolls
 a - 3 scrolls of noise {unknown}
 b - a scroll of fear {unknown}
 e - 5 scrolls of fog {unknown}
 i - 3 scrolls of blinking {unknown}
 k - 13 scrolls of identify {unknown}
 l - 4 scrolls of remove curse {unknown}
 m - 4 scrolls of teleportation {unknown}
 n - 4 scrolls of random uselessness {unknown}
 o - 4 scrolls of enchant weapon {unknown}
 p - 3 scrolls of enchant armour {unknown}
 r - 3 scrolls of amnesia {unknown}
 t - a scroll of immolation {unknown}
 B - a scroll of vulnerability {unknown}
 C - a scroll of magic mapping {unknown}
 G - a scroll of torment {unknown}
 N - a scroll of summoning {unknown}
Potions
 f - 2 potions of might
 h - 3 potions of flight {unknown}
 j - 2 potions of agility {unknown}
 q - 13 potions of curing {unknown}
 u - 2 potions of ambrosia {unknown}
 A - 2 potions of degeneration {unknown}
 K - 3 potions of mutation {unknown}
 M - a potion of brilliance {unknown}
 O - a potion of haste {unknown}
 R - a potion of cancellation {unknown}
Books
 J - a book of Debilitation

   Spells                             Type                      Level
   a - Corona                         Hexes                        1
   b - Slow                           Hexes                        2
   c - Inner Flame                    Hexes/Fire                   3
   d - Portal Projectile              Hexes/Translocation          3
   e - Cause Fear                     Hexes                        4
   f - Leda's Liquefaction            Hexes/Earth                  4
   Trog disapproves of the use of such an item.
Miscellaneous
 T - a phial of floods
Comestibles
 c - 27 rations
 S - 8 chunks of flesh


   Skills:
 * Level 11.8 Fighting
 * Level 11.7 Axes
 + Level 6.6 Throwing
 + Level 8.4 Armour
 + Level 7.7 Dodging
 * Level 11.7 Shields


You had 11 spell levels left.
You didn't know any spells.

Dungeon Overview and Level Annotations

Branches:
Dungeon (13/15)            Temple (0/1) D:4            Lair (0/6) D:11
    Orc (0/2) D:10
 Vaults: D:13-14

Altars:
Ashenzari
Hepliaklqana
Makhleb
Qazlal
Trog
Uskayaw
Xom


Innate Abilities, Weirdness & Mutations

You reflexively headbutt those who attack you in melee.
You have a pair of horns on your head.


Message History

You slash the redback! The tengu conjurer blocks your attack.
You miss the tengu warrior.
You hit the skeletal warrior but do no damage.
The redback closely misses you.
You block the skeletal warrior's attack.
The tengu conjurer barely misses you.
You block the tengu conjurer's attack. x2
The ynoxinul gestures.
The redback bites you but does no damage.
The skeletal warrior closely misses you.
You furiously retaliate!
You headbutt the skeletal warrior, but do no damage.
The deep elf mage casts a spell.
The tengu warrior hits you but does no damage.
The tengu warrior pecks you but does no damage.
The tengu warrior claws you.
* * * LOW HITPOINT WARNING * * *
The tengu conjurer gestures at you while chanting.
The bolt of poison hits you!
You are poisoned.
You die...

....... ...$...
.. ..... .. ....
.. #.. .# #.##.#
#.<#.#
#.#####z#5###..#
......z@ss.5.≈≈#
#.#####QQ5.5≈≈≈#
.esr35≈≈≈≈p
#.$5...≈≈≈≈.
......#.≈≈≈≈#
.......#?≈≈≈≈#
#...##.....≈≈≈#
##.. ..#......+


You could see 2 skeletal warriors, a tengu warrior, a demonic crawler, a deep
elf mage, a ynoxinul, a tengu conjurer, 2 redbacks, a hell rat and 6 ufetubi.

Vanquished Creatures
  A hydra (D:13)
  Erica (D:8)
  3 two-headed ogres
  An unseen horror (D:11)
  A flayed ghost (D:12)
  Pikel (D:8)
  An ugly thing (D:12)
  An orc knight (Bailey)
  A cyclops (D:11)
  Psyche (D:10)
  A gargoyle (D:13)
  A komodo dragon (D:10)
  Grinder (D:4)
  2 hippogriffs
  A shadow (D:12)
  4 wraiths (D:12)
  2 wyverns
  A fire bat (D:12)
  2 hungry ghosts
  Eustachio (D:5)
  14 yaks
  Menkaure (D:4)
  A water moccasin (D:7)
  2 ice beasts
  2 phantoms
  2 sky beasts
  A slave (D:8)
  A hornet zombie (D:7)
  3 black bears
  7 orc warriors
  2 necrophages
  6 ogres
  12 centaurs
  2 big kobolds
  6 bullfrogs
  A wyvern skeleton (D:12)
  3 scorpions
  11 killer bees
  The ghost of Nornya the Conjurer, a weakling DgCj (D:3)
  10 wights (D:9)
  6 howler monkeys
  7 crimson imps
  3 bullfrog zombies
  2 centaur zombies
  10 hounds
  5 orc priests
  A bullfrog skeleton (D:10)
  2 iguanas
  5 orc wizards
  5 worker ants
  A killer bee zombie (D:9)
  4 big kobold zombies (Ossuary)
  A hound zombie (D:7)
  A mummy (Ossuary)
  A howler monkey zombie (D:8)
  2 worker ant zombies
  Robin (D:3)
  4 gnolls (D:6)
  9 adders
  3 shadow imps
  2 oozes
  An adder zombie (D:5)
  3 worms
  2 dart slugs
  4 leopard geckos
  41 orcs
  3 spectral bats (Ossuary)
  3 ball pythons
  11 giant cockroaches
  22 goblins
  14 hobgoblins
  5 jackals (D:9)
  5 quokkas
  18 bats
  2 bat simulacra (Ossuary)
  7 frilled lizards
  8 gnoll zombies (Ossuary)
  3 goblin simulacra (Ossuary)
  6 goblin zombies
  3 hobgoblin zombies (Ossuary)
  35 kobolds
  A kobold simulacrum (Ossuary)
  3 kobold zombies (Ossuary)
  4 orc zombies (Ossuary)
  A quokka skeleton (D:5)
  2 quokka zombies
  10 rats
  2 rat simulacra (Ossuary)
  2 spectral goblins (Ossuary)
  4 spectral kobolds (Ossuary)
  3 spectral rats (Ossuary)
419 creatures vanquished.

Vanquished Creatures (others)
  2 hobgoblin zombies (Ossuary)
  A kobold zombie (Ossuary)
3 creatures vanquished.

Grand Total: 422 creatures vanquished

Notes
Turn   | Place    | Note
-------+----------+-------------------------------------------
     0 | D:1      | shmeve the Minotaur Berserker began the quest for the Orb.
     0 | D:1      | Reached XP level 1. HP: 19/19 MP: 0/0
   128 | D:1      | Reached XP level 2. HP: 27/27 MP: 1/1
   562 | D:1      | Reached XP level 3. HP: 32/33 MP: 2/2
   735 | D:1      | Reached ** piety under Trog
  1170 | D:2      | Reached skill level 1 in Shields
  1391 | D:2      | Reached XP level 4. HP: 40/40 MP: 3/3
  1806 | D:3      | Noticed Nornya's ghost (weakling DgCj)
  1811 | D:3      | Killed Nornya's ghost
  2003 | D:3      | Noticed Robin
  2012 | D:3      | Reached XP level 5. HP: 46/46 MP: 4/4
  2024 | D:3      | Killed Robin
  2259 | D:3      | Found a bloodstained altar of Trog.
  2310 | D:3      | Reached *** piety under Trog
  2483 | D:3      | Reached skill level 1 in Throwing
  2609 | D:4      | Noticed Menkaure
  2621 | D:4      | Killed Menkaure
  2621 | D:4      | Reached XP level 6. HP: 53/53 MP: 5/5
  2858 | D:4      | Found a sand-covered staircase.
  2865 | Ossuary  | Entered an ossuary
  2879 | Ossuary  | Received a gift from Trog
  2982 | Ossuary  | Reached skill level 5 in Axes
  3099 | Ossuary  | Reached skill level 5 in Fighting
  3099 | Ossuary  | Reached skill level 5 in Shields
  3118 | Ossuary  | Reached **** piety under Trog
  3278 | D:4      | Noticed Grinder
  3297 | D:4      | Killed Grinder
  3297 | D:4      | Reached XP level 7. HP: 48/61 MP: 6/6
  3655 | D:4      | Found a staircase to the Ecumenical Temple.
  3738 | D:5      | Entered Level 5 of the Dungeon
  3809 | D:5      | Received a gift from Trog
  3827 | D:5      | Reached XP level 8. HP: 65/70 MP: 7/7
  4460 | D:5      | Noticed Eustachio
  4503 | D:5      | Killed Eustachio
  5200 | D:6      | Reached skill level 5 in Armour
  5532 | D:7      | Reached XP level 9. HP: 79/79 MP: 8/8
  5535 | D:7      | Reached ***** piety under Trog
  5822 | D:7      | Received a gift from Trog
  6196 | D:7      | Reached skill level 5 in Dodging
  6842 | D:8      | Found a stormy altar of Qazlal.
  7008 | D:8      | Received a gift from Trog
  7008 | D:8      | Reached XP level 10. HP: 86/90 MP: 9/9
  7047 | D:8      | Noticed Erica
  7065 | D:8      | Killed Erica
  7274 | D:8      | Noticed Pikel
  7274 | D:8      | Noticed a two-headed ogre
  7281 | D:8      | Killed Pikel
  7284 | D:8      | Killed a two-headed ogre
  7810 | D:9      | Reached skill level 5 in Throwing
  8013 | D:9      | Found a flagged portal.
  8029 | Bailey   | Entered a bailey
  8166 | Bailey   | Noticed an orc knight
  8170 | Bailey   | Reached skill level 10 in Fighting
  8174 | Bailey   | Killed an orc knight
  8174 | Bailey   | Reached skill level 10 in Axes
  8174 | Bailey   | Reached skill level 10 in Shields
  8344 | D:9      | Received a gift from Trog
  8389 | D:10     | Entered Level 10 of the Dungeon
  8421 | D:10     | Reached XP level 11. HP: 99/99 MP: 3/10
  8450 | D:10     | Noticed Psyche
  8455 | D:10     | Killed Psyche
  8552 | D:10     | Noticed a two-headed ogre
  8565 | D:10     | Killed a two-headed ogre
  9278 | D:10     | Found a staircase to the Orcish Mines.
  9398 | D:11     | Found a staircase to the Lair.
  9424 | D:11     | Killed an unseen horror
  9641 | D:11     | Found the amulet of the Four Winds {rN+ MR+++ Clar}
  9907 | D:11     | Noticed a two-headed ogre
  9912 | D:11     | Killed a two-headed ogre
 10172 | D:12     | Noticed a white ugly thing
 10181 | D:12     | Killed a white ugly thing
 10343 | D:12     | Received a gift from Trog
 10565 | D:12     | Reached XP level 12. HP: 110/110 MP: 3/11
 10855 | D:12     | Found a runed door.
 10926 | D:12     | Found a burning altar of Makhleb.
 10941 | D:12     | Found a shimmering altar of Xom.
 10984 | D:12     | Found a hide-covered altar of Uskayaw.
 11006 | D:12     | Found a stormy altar of Qazlal.
 11039 | D:12     | Found a hazy altar of Hepliaklqana.
 11071 | D:12     | Found a shattered altar of Ashenzari.
 11166 | D:13     | Noticed a five-headed hydra
 11177 | D:13     | Killed a 12-headed hydra
 11184 | D:13     | Noticed a vault guard
 11186 | D:13     | Noticed a tengu warrior
 11192 | D:13     | HP: 4/112 [tengu warrior/great sword (5)]
 11193 | D:13     | Killed from afar by a tengu conjurer

Skill      XL: |  1  2  3  4  5  6  7  8  9 10 11 |
---------------+----------------------------------+-----
Axes           | 4 5 6 7 8 10 11 | 11.7
Fighting       | 4 5 6 7 8 10 11 | 11.8
Shields        | 2 4 5 6 7 8 10 11 | 11.7
Throwing       | 1 2 3 4 5 6 |  6.6
Armour         | 3 4 5 6 7 8 |  8.4
Dodging        | 3 4 5 6 7 |  7.7

Action                   |  1- 3 |  4- 6 |  7- 9 | 10-12 || total
-------------------------+-------+-------+-------+-------++-------
Melee: Hand axe          |    83 |   106 |       |       ||   189
       Headbutt          |    12 |    45 |    55 |    79 ||   191
       War axe           |       |   126 |   324 |       ||   450
       Broad axe         |       |       |       |   401 ||   401
Throw: Tomahawk          |       |       |     6 |    51 ||    57
Invok: Trog's Hand       |       |     3 |     1 |     2 ||     6
       Berserk           |       |     2 |     2 |     8 ||    12
       Burn Spellbooks   |       |       |       |     1 ||     1
Evoke: Wand              |       |       |       |     1 ||     1
  Eat: Chunk             |     2 |     7 |    12 |    25 ||    46
       Ration            |       |       |     1 |       ||     1
Armor: Animal skin       |     9 |       |       |       ||     9
       Chain mail        |    24 |    96 |    92 |       ||   212
       Plate armour      |       |       |    55 |   184 ||   239
Dodge: Dodged            |    54 |    91 |    91 |    99 ||   335
Block: Buckler           |       |    39 |    18 |       ||    57
       Large shield      |       |       |   243 |   498 ||   741
